Unix NetHack Version 5.0.0-0 post-release - last build May  4 2026 22:22:43 (774f63e81ad911689b3a0859ea89b322d5daca8d,branch:main).

Game began 2026-05-06 08:09:51, ended 2026-05-06 08:17:27.

1142425678, neutral female human Healer

                          ..h..
                          -@%..
                          --.<.
                            --.

1142425678 the Rhizotomist   St:10 Dx:9 Co:15 In:8 Wi:17 Ch:16  Neutral
Dlvl:4  $:1720 HP:0(13) Pw:6(6) AC:8  Xp:1 T:387 

Latest messages:
 $ - 7 gold pieces (1694 in total).
 You swap places with your little dog.
 You descend the stairs.
 You see here 5 gold pieces.
 $ - 5 gold pieces (1699 in total).
 The newt bites!
 The newt bites!
 You hit the newt.
 You kill the newt!
 There is a doorway here.
 You see here a cloudy potion.
 You see here 3 gold pieces.
 $ - 3 gold pieces (1702 in total).
 You see here a statue of a fox.
 You see here a statue of a fox.
 You see here 10 darts.
 You see here 10 darts.
 k - 10 darts.
 $ - 13 gold pieces (1715 in total).
 You see here 5 gold pieces.
 $ - 5 gold pieces (1720 in total).
 You descend the stairs.
 You hear the chime of a cash register.
 You hit the gecko.
 You miss the gecko.
 The gecko bites!
 You kill the gecko!
 You see here a gecko corpse.
 l - a gecko corpse.
 You see here a steel ring.
 You see here a cram ration.
 m - a cram ration.
 You see here a steel ring.
 The door opens.
 You descend the stairs.
 The jackal bites!
 You miss the jackal.
 The jackal bites!
 You kill the jackal!
 You see here a jackal corpse.
 The dwarf lord swings his pick-axe.
 The dwarf lord hits!
 The dwarf lord swings his pick-axe.
 The dwarf lord hits again!
 You die...
 Do you want your possessions identified? [ynq] (y) y
 Do you want to see your attributes? [ynq] (y) y
 Do you want an account of creatures vanquished? [ynaq] (y) y
 Do you want to see your conduct and achievements? [ynq] (y) y
 Do you want to see the dungeon overview? [ynq] (y) y

Inventory:
 Coins    ('$')
  $ - 1720 gold pieces
 Weapons  (')')
  k - 10 +0 darts
  a - a +0 scalpel (weapon in right hand)
 Armor    ('[')
  b - an uncursed +1 pair of leather gloves (being worn)
 Comestibles  ('%')
  j - 5 uncursed apples
  m - an uncursed cram ration
  l - an uncursed gecko corpse
 Spellbooks  ('+')
  h - a blessed spellbook of extra healing
  g - a blessed spellbook of healing
  i - a blessed spellbook of stone to flesh
 Potions  ('!')
  e - 4 uncursed potions of extra healing
  d - 4 uncursed potions of healing
 Wands    ('/')
  f - a wand of sleep (0:6)
 Tools    ('(')
  c - an uncursed stethoscope

1142425678 the Healer's attributes:

Background:
 You were a Rhizotomist, a level 1 female human Healer.
 You were neutral, on a mission for Hermes
 who was opposed by Athena (lawful) and Poseidon (chaotic).
 You were right-handed.
 You were in the Gnomish Mines, on level 4.
 You entered the dungeon 387 turns ago.
 You had 9 experience points, 11 more were needed to attain level 2.

Basics:
 You had 0 out of 13 hit points.
 You had all 6 energy points (spell power).
 Your armor class was 8.
 Your wallet contained 1720 zorkmids.
 Autopickup was off.

Final Characteristics:
 Your strength was 10 (limit:18/100).
 Your dexterity was 9 (limit:18).
 Your constitution was 15 (limit:18).
 Your intelligence was 8 (limit:18).
 Your wisdom was 17 (limit:18).
 Your charisma was 16 (limit:18).

Final Status:
 You weren't hungry.
 You were unencumbered.
 You were wielding a knife.
 You had basic skill with knife.

Final Attributes:
 You were fervently aligned.
 You were poison resistant.
 You are dead.

Miscellaneous:
 You encountered 1 bones level.
 Total elapsed playing time was 7 minutes and 32 seconds.

Major events:
 Turn
    1: 1142425678 the neutral female human Healer entered the dungeon
  382: entered the Gnomish Mines
  387: killed by a dwarf lord

Spells:
 Name                 Level Category     Fail Retention
 healing                1   healing        0%  91%-100%
 extra healing          3   healing       47%  91%-100%
 stone to flesh         3   healing       58%  91%-100%

Skills:
 Fighting Skills
   bare handed combat [Unskilled]
 Weapon Skills
   dagger             [Unskilled]
   knife              [Basic]
   short sword        [Unskilled]
   saber              [Unskilled]
   club               [Unskilled]
   mace               [Unskilled]
   quarterstaff       [Unskilled]
   polearms           [Unskilled]
   spear              [Unskilled]
   trident            [Unskilled]
   sling              [Unskilled]
   dart               [Unskilled]
   shuriken           [Unskilled]
   unicorn horn       [Unskilled]
 Spellcasting Skills
   healing spells     [Basic]

Voluntary challenges:
 Character rerolling was not enabled.
 You went without food.
 You were an atheist.
 You were illiterate.
 You never genocided any monsters.
 You never polymorphed an object.
 You never changed form.
 You used no wishes.
Achievement:
 You entered the Gnomish Mines.

 The Dungeons of Doom: levels 1 to 3
    Level 1:
    Level 2:
    Level 3:
       Stairs down to The Gnomish Mines.
 The Gnomish Mines:
    Level 4: <- You were here.
       Final resting place for
          you, killed by a dwarf lord,
          2459783kj-Rog-Hum-Fem-Cha, killed by a dwarf.


Vanquished creatures:
  a gecko
  a jackal
  a lichen
  a newt
4 creatures vanquished.

No species were genocided or became extinct.

Game over:
                       ----------
                      /          \
                     /    REST    \
                    /      IN      \
                   /     PEACE      \
                  /                  \
                  |    1142425678    |
                  |     1720 Au      |
                  |   killed by a    |
                  |    dwarf lord    |
                  |                  |
                  |                  |
                  |       2026       |
                 *|     *  *  *      | *
        _________)/\\_//(\/(/\)/\//\/|_)_______

Goodbye 1142425678 the Healer...

You died in The Gnomish Mines on dungeon level 4 with 216 points,
and 1720 pieces of gold, after 387 moves.
You were level 1 with a maximum of 13 hit points when you died.

